Cogmind - Beta 13 @@@ ROGUE MODE // 2024.04.01 @ 13:14:53 Player: Mr_box Result: Self-destructed Performance ------------- Evolutions (1) 500 Regions Visited (2) 400 Robots Destroyed (13) 65 Value Destroyed (181) 181 Prototype IDs (3) 60 Alien Tech Used (0) 0 Bonus (0) 0 TOTAL SCORE: 1206 Bonus ------- None Cogmind --------- Core Integrity 347/400 Matter 180/300 Energy 284/300 System Corruption 0% Temperature Cool (0) Movement Flying (104) Ox1 Location -9/Materials Parts ------- > --- POWER (1) -------- (None) > --- PROPULSION (3) --- Improved Flight Unit Improved Flight Unit Improved Flight Unit > --- UTILITY (3) ------ Small Storage Unit Large Battery Medium Armor Plating > --- WEAPON (2) ------- Medium Laser Advanced Beam Cannon > --- INVENTORY (8) ---- Heavy Ion Engine Heavy Ion Engine Heavy Ion Engine Medium Armor Plating Medium Armor Plating Grenade Launcher Peak State ------------ > --- POWER ------------ Heavy Ion Engine > --- PROPULSION ------- Improved Flight Unit Improved Flight Unit Improved Flight Unit > --- UTILITY ---------- Small Storage Unit Medium Armor Plating > --- WEAPON ----------- Medium Laser Advanced Beam Cannon > --- INVENTORY -------- Heavy Ion Engine Heavy Ion Engine Large Battery Medium Armor Plating Medium Armor Plating Grenade Launcher [Rating: 20] Favorites ----------- Power Heavy Ion Engine Engine Heavy Ion Engine Propulsion Aluminum Leg Leg Aluminum Leg Flight Unit Improved Flight Unit Utility Small Storage Unit Storage Small Storage Unit Processor Targeting Computer Protection Medium Armor Plating Weapon Medium Laser Energy Gun Medium Laser Energy Cannon Advanced Beam Cannon Ballistic Gun Light Assault Rifle Launcher Grenade Launcher Build | -11 -10 -9 ------- Run | Yrd Mat Mat Slots Evolved 2 | . . 2 Power . | . . . Propulsion 1 | . . 1 Utility 1 | . . 1 Weapon . | . . . Parts Attached 28 | 6 13 9 Power 2 | 1 1 . Engine 2 | 1 1 . Core . | . . . Reactor . | . . . Propulsion 9 | 2 3 4 Treads . | . . . Leg 5 | 2 3 . Wheel . | . . . Hover . | . . . Flight 4 | . . 4 Utility 5 | 1 2 2 Device . | . . . Storage 2 | 1 . 1 Processor 1 | . 1 . Hackware . | . . . Protection 2 | . 1 1 Artifact . | . . . Weapon 12 | 2 7 3 Energy Gun 3 | 1 2 . Energy Cannon 2 | . . 2 Ballistic Gun 4 | 1 3 . Ballistic Cannon . | . . . Launcher 3 | . 2 1 Special Weapon . | . . . Impact Weapon . | . . . Slashing Weapon . | . . . Piercing Weapon . | . . . Special Melee Weapon . | . . . Unidentified Prototypes 3 | . 1 2 Parts Lost 1 | . . 1 Power . | . . . Propulsion . | . . . Utility 1 | . . 1 Weapon . | . . . Highest Loss Streak 1 | . . 1 To Critical Strikes . | . . . Average Slot Usage (%) 86 | . 91 74 Engine 13 | . 14 11 Leg 24 | . 25 20 Storage 13 | . 14 11 Processor 8 | . 8 9 Energy Gun 12 | . 12 11 Energy Cannon 2 | . . 8 Ballistic Gun 9 | . 12 1 Naked Turns . | . . . Heaviest Build 23 | 11 23 19 Greatest Support 20 | 20 20 20 Greatest Overweight (x) 5 | 2 5 3 Average Overweight (x) . | . . . Largest Inventory Capacity 8 | 8 8 8 Average Capacity 7 | 7 8 8 Most Carried 8 | 4 8 8 Average Carried 6 | 2 6 7 Final Capacity 8 | 8 8 8 Final Carried 8 | 2 8 6 Class Distribution -------------------- 100% | Mutant Dominant Class ---------------- Mutant | -10/Materials Mutant | -9/Materials Resources | -11 -10 -9 ----------- Run | Yrd Mat Mat Matter Collected 410 | 242 53 115 Remotely . | . . . Salvage Created 199 | . 42 157 Parts 21 | . 6 15 Haulers Intercepted . | . . . Recyclers Shooed 2 | . . 2 Parts Field Recycled . | . . . Retrieved Matter . | . . . Parts Self-Destructed . | . . . Prevented . | . . . Kills | -11 -10 -9 ------- Run | Yrd Mat Mat Combat Hostiles Destroyed 12 | . 5 7 Guns 3 | . 3 . Cannons 4 | . . 4 AOE 4 | . 2 2 Classes Destroyed 3 | . 1 2 Watcher 1 | . . 1 Swarmer 11 | . 5 6 Sentry 1 | . . 1 Best Kill Streak 5 | . 2 5 Combat Bots Only 5 | . 2 5 Max Kills in Single Turn 2 | . 1 2 Gunslinging . | . . . Exploded 2 | . 1 2 Melee . | . . . Uniques/NPCs Destroyed . | . . . Combat | -11 -10 -9 -------- Run | Yrd Mat Mat Hostile Shots Fired 59 | . 28 31 Missed 19 | . 10 9 Damage Taken 444 | . 223 221 Core 66 | . 13 53 Absorbed by Shields . | . . . Regen/Repaired (Parts) 107 | . 107 . Core Remaining (%) 97 | 100 94 . Volleys Fired 25 | . 9 16 Largest 2 | . 2 2 Hottest 118 | . 80 118 Shots Fired 49 | . 18 31 Gun 29 | . 14 15 Cannon 15 | . . 15 Launcher 5 | . 4 1 Special . | . . . Kinetic 5 | . 5 . Thermal 39 | . 9 30 Explosive 5 | . 4 1 Electromagnetic . | . . . Robot Hit Streak 4 | . 3 4 Robot Miss Streak 5 | . 5 4 Penetration Max . | . . . Secondary Targets . | . . . Shots Hit Robots 18 | . 5 13 Core Hits 15 | . 7 8 Critical Kills 1 | . . 1 Critical Parts Destroyed . | . . . Critical Strikes 1 | . . 1 Meltdown 1 | . . 1 Melee Attacks . | . . . Impact . | . . . Slashing . | . . . Piercing . | . . . Sneak Attacks . | . . . Combat Hostiles . | . . . Follow-up Attacks . | . . . Damage Inflicted 571 | . 221 350 Guns 103 | . 52 51 Cannons 207 | . . 207 Explosions 261 | . 169 92 Melee . | . . . Ramming . | . . . Kinetic 15 | . 15 . Thermal 295 | . 37 258 Explosive 261 | . 169 92 Electromagnetic . | . . . Impact . | . . . Slashing . | . . . Piercing . | . . . Highest Corruption . | . . . Average Corruption . | . . . Corruption Purged . | . . . Corruption Blocked . | . . . Overload Shots . | . . . Overflow Damage 1 | . . 1 Projectiles 1 | . . 1 Explosions . | . . . Melee . | . . . Knockbacks . | . . . Impact . | . . . Kinetic . | . . . Secondary . | . . . Self-Inflicted Damage 101 | . 64 37 Shots 4 | . 3 1 Rammed . | . . . Targets Rammed . | . . . Kicked . | . . . Crushed . | . . . Highest Temperature 337 | . 45 337 Average Temperature 88 | . 19 113 Received Heat Transfer . | . . . Siege Activations . | . . . Robots Corrupted . | . . . Combat Hostiles . | . . . Parts Fried . | . . . Impact Corruptions . | . . . Robots Melted 1 | . . 1 Combat Hostiles 1 | . . 1 Parts Melted 2 | . . 2 Heat Transferred 629 | . 111 518 Parts Sabotaged . | . . . Parts Stolen . | . . . Parts Stripped . | . . . Power Chain Reactions . | . . . Alert | -11 -10 -9 ------- Run | Yrd Mat Mat Peak Influence 269 | . 220 269 Initial 22 | . . 22 Average 110 | . 124 109 Maximum Alert Level 1 | . 1 1 Low Security (%) 78 | 100 78 72 Level 1 21 | . 21 27 Level 2 . | . . . Level 3 . | . . . Level 4 . | . . . Level 5 . | . . . High Security . | . . . Max Security . | . . . Squads Dispatched . | . . . Investigation . | . . . Extermination . | . . . Reinforcement . | . . . Assault . | . . . Garrison . | . . . Intercept . | . . . Searches Triggered . | . . . Construction Impeded . | . . . Haulers Reinforced . | . . . Active Scanning Responses . | . . . Cargo Convoy Interrupts . | . . . Stealth | -11 -10 -9 --------- Run | Yrd Mat Mat Distress Signals 1 | . . 1 Communications Jammed . | . . . Distress Signals . | . . . Times Spotted 21 | . 9 12 Peak Tracking Total 5 | . 5 4 Tactical Retreats 3 | . 1 2 Traps | -11 -10 -9 ------- Run | Yrd Mat Mat Traps Triggered 1 | . 1 . Indirectly . | . . . Trap Hack Attempts . | . . . Triggered . | . . . Disarmed . | . . . Reprogrammed . | . . . Reused . | . . . Traps Extracted . | . . . Installed . | . . . Triggered . | . . . Machines | -11 -10 -9 ---------- Run | Yrd Mat Mat Machines Disabled 1 | . 1 . Max in Single Turn 1 | . 1 . Machines Repaired . | . . . Machines Dismantled . | . . . Machines Sabotaged . | . . . Overloaded Fab Kills . | . . . Hacking | -11 -10 -9 --------- Run | Yrd Mat Mat Machines Accessed 3 | . 2 1 Terminals 2 | . 1 1 Fabricators . | . . . Repair Stations 1 | . 1 . Recycling Units . | . . . Scanalyzers . | . . . Garrison Access . | . . . Total Hacks 13 | . 11 2 Successful 7 | . 7 . Failed 6 | . 4 2 Catastrophic . | . . . Database Lockouts . | . . . Manual . | . . . Terminals 7 | . 5 2 Fabricators . | . . . Repair Stations 6 | . 6 . Recycling Units . | . . . Scanalyzers . | . . . Garrison Access . | . . . Terminal Hacks 1 | . 1 . Zone Layout 1 | . 1 . Fabricator Hacks . | . . . Repair Station Hacks 6 | . 6 . Scan Component 3 | . 3 . Repair 3 | . 3 . Recycling Unit Hacks . | . . . Scanalyzer . | . . . Garrison Access Hacks . | . . . Unauthorized Hacks . | . . . Terminals . | . . . Fabricators . | . . . Repair Stations . | . . . Recycling Units . | . . . Scanalyzers . | . . . Garrison Access . | . . . Data Cores Recovered . | . . . Used . | . . . Hacking Detections 2 | . 1 1 Full Trace Events . | . . . Feedback Events . | . . . Feedback Blocked . | . . . Robot Schematics Acquired . | . . . Robots Built . | . . . Authchips . | . . . Time . | . . . Total Robot Build Rating . | . . . Part Schematics Acquired . | . . . Parts Built . | . . . Authchips . | . . . Time . | . . . Total Part Build Rating . | . . . Parts Repaired 3 | . 3 . Time 78 | . 78 . Parts Recycled . | . . . Recycled Matter . | . . . Retrieved Matter . | . . . Retrieved Components . | . . . Parts Scanalyzed . | . . . Part Schematics Acquired . | . . . Parts Damaged . | . . . Bothacking | -11 -10 -9 ------------ Run | Yrd Mat Mat Used RIF Installer . | . . . Robots Hacked . | . . . Non-combat . | . . . Combat . | . . . Robot Hacks Applied . | . . . Relay Couplers Released . | . . . Fabnet Peak Effective % . | . . . Robots Rewired . | . . . Allies Hacked . | . . . Hacks Repelled . | . . . Allies | -11 -10 -9 -------- Run | Yrd Mat Mat Total Allies . | . . . Largest Group . | . . . Highest-Rated Group . | . . . Highest-Rated Ally . | . . . Total Orders . | . . . Ally Attacks . | . . . Total Damage . | . . . Kills . | . . . Allies Corrupted . | . . . Allies Melted . | . . . Intel | -11 -10 -9 ------- Run | Yrd Mat Mat Robot Analysis Total . | . . . Derelict Logs Recovered . | . . . Drone Launches . | . . . Drone Recoveries . | . . . Exploration | -11 -10 -9 ------------- Run | Yrd Mat Mat Turns Passed 836 | 71 550 215 Spaces Moved 488 | 47 320 121 Core 16 | 14 2 . Treads . | . . . Legs 471 | 33 318 120 Wheels . | . . . Hover . | . . . Flight 1 | . . 1 Fastest Speed 50 | 50 120 120 Average Speed 124 | 123 126 121 Slowest Speed 300 | 150 300 250 Overloaded Moves . | . . . Propulsion Burnouts . | . . . Robots Hopped . | . . . Cave-ins Triggered . | . . . Exploration Rate (%) 18 | 4 36 15 Regions Visited 2 Branch Regions . Pre-discovered Areas . | . . . Known Exits Taken . | . . . Unknown Exits Taken 2 | 1 1 . Scrap Searched . | . . . Spaces Dug . | . . . Terrain Destroyed 42 | . 37 5 Melee . | . . . Projectile . | . . . AOE 42 | . 37 5 Terrain Rammed . | . . . Walls Destroyed . | . . . Machines Disabled . | . . . Actions | -11 -10 -9 --------- Run | Yrd Mat Mat Total 669 | 60 451 158 Wait 84 | . 81 3 Move 486 | 46 319 121 Hop . | . . . Pick Up 27 | 8 16 3 Fast Attach 3 | . 1 2 Attach 17 | 6 7 4 Detach 7 | . 6 1 Swap 8 | . 5 3 Drop 12 | . 7 5 Fire 25 | . 9 16 Melee . | . . . Ram . | . . . Kick . | . . . Crush . | . . . Escape Stasis . | . . . Rewire . | . . . Trap . | . . . Miscellaneous . | . . . Route ------- -11/Scrapyard -10/Materials -9/Materials History --------- Turn | Location | Event 13 | -11/Scrapyard | Discovered new exit (range 16) 72 | -11/Scrapyard | Entered Materials 266 | -10/Materials | Discovered new exit (range 19) 317 | -10/Materials | Build established: Mutant 415 | -10/Materials | Repaired Aluminum Leg 450 | -10/Materials | Repaired Aluminum Leg 478 | -10/Materials | Repaired Med. Laser 622 | -10/Materials | Entered another Materials area 622 | -9/Materials | Evolved 2 slots: Propulsion x1, Utility x1 837 | -9/Materials | Self-destructed Last Messages --------------- S-10 Pest destroyed. Acquired 18 matter. S-10 Pest destroyed. Dropped Lgt. Assault Rifle. Acquired 1 matter. U-05 Engineer lays Concrete. Acquired 8 matter. S-10 Pest destroyed. R-06 Scavenger collects Flight Unit. K-01 Serf collects debris. Targeting Computer destroyed. S-10 Pest destroyed. Acquired 13 matter. Acquired Prototype Flight Unit. Identified Imp. Flight Unit. Faulty integration damages Aluminum Leg (-8). Dropped Faulty Imp. Flight Unit. Acquired Imp. Flight Unit. Dropped Aluminum Leg. Acquired Imp. Flight Unit. Map ----- +----------------------------------------------------+ | | | | | | | | | | | ##########???????????????????????????????????????? | | """ """ #?????????????????????###???????????????? | | """ """ #????????????????????? #?????????????? | | """ """ ##################### #?????????????? | | + #?????????????? | | / ##### ##### ### #?????????????? | | #???# #???# #??? #?????????????? | | [ "T" #???# ##+##+##??# #???# #???????????????? | | """ #???# # ####+##### #???????????????? | | ####+###+##### # """" # T + #???????????????? | | + """" # # #???????????????? | | ##### # """" # # #???????????????? | | #???# # # # #???????????????? | | ##+####???# # ]########## #???????????????? | | #???# ####+############ #???????????????? | | """" ##### #??# #??# ##!##??????????????? | | """" + #??# #??# [ # ## #???? | | """" ######## #??# #### = +% ??? | | #??????# #??#=* [+ =! # ### #???? | | #??????# ####==###===! #####???? #???? | | #######??????# # [ ## @=! #??????????? #???? | | ?????????????# #########??????????????#???? | | ?????????????# = [ ???????????????? | | ?????????????# * #######??????????????????? | | ?????????????# !! #????????????????????????? | | ?????????????# #????????????????????????? | | ?????????????# ?????????????????????? | | ???????????? ??????????????????? | | ??????????? ??????????????????? | | ?????????? """ """ ??????????????????? | | ????????? ### """ """ ??????????????????? | | ???????? ???# ### """ ""?????????????????????? | | ??????? ????# ??# ? ?????????????????????? | | ??????+?????# ??# ?? ?????????????????????? | | ????????????# ??# ""????"?????????????????????? | | ????????????#???# ""??????????????????????????? | | ?????????????????# "???????????????????????????? | | ?????????????????? ???????????????????????????? | | ?????????????????? ?????????????????????????????? | | ?????????????????????????????????????????????????? | | ?????????????????????????????????????????????????? | | ?????????????????????????????????????????????????? | | ?????????????????????????????????????????????????? | | ?????????????????????????????????????????????????? | | ?????????????????????????????????????????????????? | +----------------------------------------------------+ Best States ------------- Heat Dissipation 28 Energy Generation 14 Energy Capacity 280 Matter Stores 282 Matter Capacity 300 Sight Range 16 Terrain Scan Density 10 Armor Coverage 225 Evasion (%) 55 Targeting Accuracy 5 Item Schematics ----------------- None Robot Schematics ------------------ None Fabricated ------------ Nothing Alien Tech Used ----------------- None Achievements -------------- None Challenges ------------ None Game ------ Seed ActiveSuspensionSpecial Manual? 0 Play Time 00:12:41 Cumulative 5.9 hours Start 2024.04.01 @ 13:03:02 End 2024.04.01 @ 13:14:53 Sessions 1 Manual Loads 0 Difficulty Rogue Special Mode None Game No. 8 Rogue 8 Adventurer 0 Explorer 0 Win Type - Total 0 Types 0/0/0/0/0/0/0/0/0 Lore% 3 Gallery% 11 Achievement% 8 Wizard Run 0 Options --------- Layout 1 ASCII 0 Keyboard 0 Movement Mouse Keybinds 0 Fullscreen 1 Font 24/Smallcaps Map View 50x35 Zoom Use 0% Tactical HUD 0 Map Filters NONE Filters NONE Steam 1 RUN: 04b97344-0c1e-4dff-9987-b3aaca98ac95